 Dungeon Crawl Stone Soup version 0.16-a0-621-gdc21f72 (webtiles) character file.

60 PolkaDot the Caller (level 3, -2/24 HPs)
             Began as a Vampire Summoner on Sept 17, 2014.
             Killed from afar by Sigmund (11 damage)
             ... with a magic dart
             ... on Level 2 of the Dungeon.
             The game lasted 00:04:28 (1840 turns).

PolkaDot the Caller (Vampire Summoner)              Turns: 1840, Time: 00:04:28

HP  -2/24        AC  2     Str 12      XL: 3   Next: 80%
MP   6/6         EV 12     Int 18      God:
Gold 143         SH  0     Dex 14      Spells:  2 memorised,  2 levels left

rFire  . . .     SeeInvis +     i - +0 dagger
rCold  . . .     Clarity  .     a - +0 robe
rNeg   . . .     rCorr    .     (no shield)
rPois  .         rRot     .     (no helmet)
rElec  .         Spirit   .     (no cloak)
SustAb .         Warding  .     (no gloves)
rMut   .         Stasis   .     (no boots)
Gourm  .                        (no amulet)
MR     .....                    (no ring)
                                (no ring)

@: mighty, very slightly contaminated, regenerating quickly, hasted, very quick,
not resistant to hostile enchantments, unstealthy
A: fangs 3, see invisible, unbreathing
a: no special abilities


You were on level 2 of the Dungeon.
You were full.

You visited 1 branch of the dungeon, and saw 2 of its levels.

You collected 143 gold pieces.

Inventory:

Hand weapons
 i - a +0 dagger (weapon)
Armour
 a - a +0 robe (worn)
Scrolls
 e - a scroll of recharging {unknown}
 f - a scroll of teleportation {unknown}
 j - 2 scrolls of identify {unknown}
Jewellery
 l - an uncursed ring of positive energy {unknown}
Potions
 k - a potion of agility {unknown}
Books
 b - a book of Callings

   Spells                             Type                      Level
   *Summon Small Mammal               Summoning                    1
   Call Imp                           Summoning                    2
   *Call Canine Familiar              Summoning                    3
   Summon Guardian Golem              Hexes/Summoning              4
   Summon Lightning Spire             Summoning/Air                4
   Summon Ice Beast                   Ice/Summoning                4


   Skills:
 - Level 2.1 Dodging
 - Level 3.0 Stealth
 - Level 2.0 Spellcasting
 + Level 5.5 Summonings


You had 2 spell levels left.
You knew the following spells:

 Your Spells              Type           Power        Failure   Level  Hunger
a - Summon Small Mammal   Summ           ###.         1%          1    #......
d - Call Canine Familiar  Summ           ###.....     6%          3    ####...


Dungeon Overview and Level Annotations

Branches:
Dungeon (2/15)

Altars:

Annotations:
D:2 Sigmund


Innate Abilities, Weirdness & Mutations

Your natural rate of healing is unusually fast.
You have razor-sharp teeth.
You have supernaturally acute eyesight.
You can survive without breathing.


Message History

Sigmund flickers and vanishes for a moment.
Sigmund casts a spell at you. The puff of flame hits you!
You see here a club.
Drink which item? (? for menu, Esc to quit)
You feel refreshed.
It was a potion of restore abilities.
Drink which item? (? for menu, Esc to quit)
You feel magically purged.
It was a potion of cancellation.
Sigmund casts a spell at you. The puff of flame hits you!
* * * LOW HITPOINT WARNING * * *
Drink which item? (? for menu, Esc to quit)
You feel yourself speed up.
It was a potion of haste.
You are very lightly contaminated with residual magic.
Drink which item? (? for menu, Esc to quit)
You feel very mighty all of a sudden.
It was a potion of might.
Sigmund casts a spell at you. The magic dart hits you!
You die...

#. ##.# #.# #.# #.# #.#
#.########.#####.#
#.#............#.#
#.#.#######.##.#@#########
#.#.......<..#...........#
#..#######...#...........#
#........#.#.#...........#
...#####.#.#.#..@........#
...#...#.#.#.#...........#
...#.....#.#.#.[.........#
.#.###.#.#.#.............#
.#.# #.###.#...#.#########
.#.###'#...#...#.#
.#.#.....###...#.#
##.#.......%...#.############
#.#..).######.#.#..........#


You could see Sigmund (invisible).

Vanquished Creatures
  2 oozes
  3 giant cockroaches (D:1)
  3 goblins
  4 hobgoblins
  6 kobolds
  A quokka (D:2)
  4 bats
  A giant newt (D:1)
  15 rats
39 creatures vanquished.

Vanquished Creatures (collateral kills)
  2 adders (D:2)
  2 hobgoblins (D:1)
  2 kobolds (D:1)
  2 oozes (D:1)
  A rat (D:1)
9 creatures vanquished.

Grand Total: 48 creatures vanquished

Notes
Turn   | Place    | Note
--------------------------------------------------------------
     0 | D:1      | PolkaDot, the Vampire Summoner, began the quest for the Orb.
     0 | D:1      | Reached XP level 1. HP: 13/13 MP: 3/3
   403 | D:1      | Reached XP level 2. HP: 17/19 MP: 4/4
  1138 | D:1      | Reached skill level 5 in Summonings
  1138 | D:1      | Reached XP level 3. HP: 16/24 MP: 6/6
  1265 | D:2      | Learned a level 3 spell: Call Canine Familiar
  1831 | D:2      | Noticed Sigmund
  1840 | D:2      | Killed from afar by Sigmund

Action                   || total
-------------------------++-------
Melee: Unarmed           ||    41
       Club              ||    41
       Dagger            ||    74
 Cast: Summon Small Mamm ||    17
       Call Canine Famil ||     2
  Use: Potion            ||     5
 Stab: Sleeping          ||    10
       Distracted        ||     2
       Confused          ||     2
  Eat: Corpse            ||     9
